 Dungeon Crawl Stone Soup version 0.29.1-15-g9cfb28693d (webtiles) character file.

Game seed: 13682770529245046946

3362 hawla the Arsonist (level 10, -10/77 HPs)
             Began as a Meteoran Fire Elementalist on Mar 18, 2023.
             Was a Follower of Vehumet.
             Mangled by a two-headed ogre
             ... wielding a +0 dire flail
              (25 damage)
             ... on level 9 of the Dungeon.
             The game lasted 00:13:42 (4165 turns).

hawla the Arsonist (Meteoran Fire Elementalist)     Turns: 4165, Time: 00:13:42

Health: -10/77     AC:  6    Str: 10      XL:     10   Next: 46%
Magic:  23/23      EV: 14    Int: 20 (21) God:    Vehumet [*.....]
Gold:   410        SH:  0    Dex: 14 (15) Spells: 15/26 levels left

rFire   . . .      SeeInvis +   e - +2 dagger (distort)
rCold   . . .      Faith    .   (no shield)
rNeg    . . .      Spirit   .   a - +1 robe
rPois   .          Reflect  .   c - +2 hat
rElec   .          Harm     .   n - +0 cloak
rCorr   .          Rampage  .   (no gloves)
Will    +....                   (no boots)
Stlth   +.........              (no amulet)
HPRegen 0.22/turn               b - ring of see invisible
MPRegen 0.18/turn               (no ring)

@: about to teleport, glowing, studying Long Blades
A: sense surroundings 2, otherworldly, glowing, explore regen, deterioration 1
a: Renounce Religion


You were on level 9 of the Dungeon.
You worshipped Vehumet.
Vehumet was aware of your devotion.
You visited 2 branches of the dungeon, and saw 10 of its levels.

You collected 410 gold pieces.

Inventory:

Hand Weapons
 e - a +2 dagger of distortion (weapon)
 v - a +0 long sword
Armour
 a - a +1 robe (worn)
 c - a +2 hat (worn)
 n - a +0 cloak (worn)
Magical Staves
 u - a staff of poison
Jewellery
 b - a ring of see invisible (left hand)
 m - a ring of ice
Wands
 f - a wand of flame (17)
 i - a wand of light (5)
 t - a wand of digging (2)
 y - a wand of iceblast (11) (quivered)
Scrolls
 g - a scroll of poison
 j - a scroll of magic mapping {unknown}
 o - a scroll of teleportation
 s - a scroll of blinking {unknown}
 w - a scroll of immolation {unknown}
 x - a scroll of noise {unknown}
 z - a scroll of identify
Potions
 d - 2 potions of magic
 h - a potion of mutation
 k - 3 potions of brilliance
 l - 3 potions of curing
 p - 3 potions of heal wounds
 q - a potion of cancellation
 r - a potion of ambrosia


   Skills:
 + Level 3.2 Fighting
 + Level 4.3 Short Blades
 + Level 5.3 Dodging
 - Level 1.4 Stealth
 + Level 8.8 Spellcasting
 + Level 7.0 Conjurations
 + Level 9.1 Fire Magic
 + Level 4.5 Poison Magic


You had 15 spell levels left.
You knew the following spells:

 Your Spells              Type           Power      Damage    Failure   Level
a - Foxfire               Conj/Fire      100%       2x1d9     1%          1
b - Scorch                Fire           90%        2d9       1%          2
c - Flame Wave            Conj/Fire      41%        2d11      2%          4
d - Olgreb's Toxic Radia  Pois           27%        N/A       12%         4

Your spell library contained the following spells:

 Spells                   Type           Power      Damage    Failure   Level
 Magic Dart               Conj           100%       1d8       1%          1
 Conjure Flame            Conj/Fire      41%        6-21      1%          3
 Sting                    Tmut/Pois      68%        1d6       3%          1
 Inner Flame              Hex/Fire       27%        N/A       3%          3
 Poisonous Vapours        Pois/Air       34%        N/A       4%          2
 Stone Arrow              Conj/Erth      44%        3d9       5%          3
 Fireball                 Conj/Fire      20%        3d10      8%          5
 Ensorcelled Hibernation  Hex/Ice        16%        N/A       12%         2
 Passwall                 Tmut/Erth      6%         N/A       12%         2
 Iskenderun's Battlesphe  Conj           37%        2d9       12%         5
 Gell's Gravitas          Tloc           8%         N/A       24%         3
 Swiftness                Air            8%         N/A       24%         3
 Teleport Other           Tloc           8%         N/A       24%         3
 Animate Armour           Summ/Erth      16%        N/A       61%         4
 Animate Dead             Necr           8%         N/A       61%         4
 Conjure Ball Lightning   Conj/Air       11%        3x3d6     96%         6
 Orb of Destruction       Conj           18%        9d8       98%         7
 Dispersal                Tloc           4%         N/A       100%        6
 Haunt                    Necr/Summ      4%         N/A       100%        7
 Infestation              Necr           4%         N/A       100%        8
 Lehudib's Crystal Spear  Conj/Erth      11%        10d4      100%        8


Dungeon Overview and Level Annotations

Branches:
Dungeon (9/15) Zot: 1270   Temple (1/1) D:4 Zot: 582    Lair (0/5) D:9
    Orc: D:9-12

Altars:
Cheibriados
Dithmenos
Gozag
Hepliaklqana
Kikubaaqudgha
Makhleb
Nemelex Xobeh
Okawaru
Qazlal
Ru
Sif Muna
Trog
Vehumet
Wu Jian
Xom
Yredelemnul
Zin
The Shining One


Innate Abilities, Weirdness & Mutations

You passively map the area around you.
You are easily found by Zot.
You glow in the dark.
You regain HP and MP as you explore.
Your body sometimes deteriorates upon taking damage.


Message History

o - 2 scrolls labelled NEUPLI GAIM (gained 1)
You now have 410 gold pieces (gained 17).
There is an open door here.
An orc comes into view. It is wielding a +0 club.
An orc is nearby!
An orc is nearby!
An orc comes into view. It is wielding a +0 hand axe.
The orc shouts!
You hear two shouts!
A two-headed ogre comes into view.
It is wielding a +0 dire flail and a +0 great mace.
An orc comes into view. It is wielding a +0 flail.
The orc shouts!
You hit the orc.
The orc is heavily wounded.
The orc hits you but does no damage.
An orc warrior comes into view. It is wielding a +0 scimitar.
You hit the orc.
Space warps horribly around the orc.
You kill the orc!
Vehumet accepts your kill. The orc barely misses you.
You hit the two-headed ogre.
Space warps around the two-headed ogre.
The two-headed ogre is lightly wounded.
The two-headed ogre hits you with a +0 dire flail!
The two-headed ogre hits you with a +0 great mace!!
Your body deteriorates!
You feel clumsy. The orc closely misses you.
Unknown command.
As you read the scroll labelled NEUPLI GAIM, it crumbles to dust.
You feel strangely unstable.
It was a scroll of teleportation.
The orc misses you.
An orc priest comes into view. It is wielding a +0 flail.
The orc completely misses you. The orc attacks as you move away!
The orc hits you with a +0 hand axe.
The two-headed ogre attacks as you move away!
The two-headed ogre misses you. The two-headed ogre closely misses you.
The two-headed ogre attacks as you move away!
The two-headed ogre hits you with a +0 dire flail!!
* * * LOW HITPOINT WARNING * * *
Your body deteriorates!
You feel dopey.
The two-headed ogre hits you with a +0 great mace!!
You die...

.........####...# ..... ,
.....########...###... ,,* *
, .....#............#..# #
...#.#............#..#.+ *
.....#+#######'####....####
,
...................oo......,
,
..#...###..##......o##...#.
**,
..#>..###..##...Oo..##...# ,
..#.............@........ *
......................... ,
#########################*


You could see a two-headed ogre, an orc warrior, an orc priest and 2 orcs.

Vanquished Creatures
  Sigmund (D:4)
  2 steam dragons
  A water moccasin (D:8)
  A black bear (D:5)
  2 orc warriors
  A sky beast (D:6)
  2 ogres (D:5)
  A centaur (D:6)
  2 bullfrogs
  A necrophage (D:5)
  3 scorpions
  A wight (D:5)
  7 killer bees
  7 howler monkeys
  5 hounds
  5 jellies
  3 gnoll boudas
  2 orc priests
  2 iguanas
  7 orc wizards
  6 adders
  14 gnolls
  A white imp (D:6)
  An ufetubus (D:5)
  2 worms
  21 orcs
  4 bats
  3 endoplasms
  4 giant cockroaches
  5 goblins
  3 hobgoblins
  6 jackals
  3 quokkas
  2 ball pythons (D:3)
  A kobold (D:1)
  A rat (D:1)
133 creatures vanquished.

Vanquished Creatures (others)
  105 foxfires
105 creatures vanquished.

Grand Total: 238 creatures vanquished

Notes
Turn   | Place    | Note
-------+----------+-------------------------------------------
     0 | D:1      | hawla the Meteoran Fire Elementalist began the quest for
                  | the Orb.
     0 | D:1      | Reached XP level 1. HP: 14/14 MP: 5/5
    40 | D:1      | Reached skill level 4 in Fire Magic
    40 | D:1      | Reached XP level 2. HP: 20/20 MP: 4/6
    43 | D:1      | Learned a level 2 spell: Scorch
   199 | D:3      | Reached XP level 3. HP: 26/26 MP: 8/8
   584 | D:4      | Noticed Sigmund
   594 | D:4      | Killed Sigmund
   595 | D:4      | Reached skill level 5 in Fire Magic
   595 | D:4      | Reached XP level 4. HP: 10/33 MP: 3/11
   595 | D:4      | Reached XP level 5. HP: 11/38 MP: 3/12
   595 | D:4      | Reached XP level 6. HP: 14/45 MP: 3/13
   604 | D:3      | Learned a level 4 spell: Flame Wave
   888 | D:4      | Found a staircase to the Ecumenical Temple.
   945 | Temple   | Entered the Ecumenical Temple
  1010 | D:4      | Reached XP level 7. HP: 47/50 MP: 14/14
  1206 | D:4      | Reached skill level 5 in Conjurations
  1223 | D:4      | Reached skill level 1 in Short Blades
  1500 | D:5      | Entered Level 5 of the Dungeon
  1509 | D:5      | Reached skill level 6 in Fire Magic
  1509 | D:5      | Reached XP level 8. HP: 48/58 MP: 3/15
  1765 | D:5      | Reached skill level 1 in Fighting
  1765 | D:5      | Reached skill level 5 in Spellcasting
  1962 | D:5      | Reached skill level 7 in Fire Magic
  1971 | D:5      | Learned a level 4 spell: Olgreb's Toxic Radiance
  1985 | D:5      | Reached skill level 1 in Poison Magic
  1985 | D:5      | Gained mutation: You passively map the area around you.
                  | [Meteoran growth]
  1985 | D:5      | Reached XP level 9. HP: 62/64 MP: 3/19
  2103 | D:5      | Found a radiant altar of Vehumet.
  2122 | D:5      | Became a worshipper of Vehumet
  2297 | D:6      | Found a stormy altar of Qazlal.
  2447 | D:6      | Found a sacrificial altar of Ru.
  3123 | D:8      | Gained mutation: Your body sometimes deteriorates upon
                  | taking damage. [potion of mutation]
  3158 | D:8      | Reached skill level 8 in Fire Magic
  3160 | D:8      | Reached XP level 10. HP: 61/73 MP: 7/22
  3448 | D:8      | Reached skill level 5 in Dodging
  3448 | D:8      | Reached * piety under Vehumet
  3448 | D:8      | Offered knowledge of Magic Dart by Vehumet.
  4054 | D:9      | Reached skill level 9 in Fire Magic
  4139 | D:9      | Found a staircase to the Lair.
  4156 | D:9      | Noticed a two-headed ogre
  4165 | D:9      | Mangled by a two-headed ogre

Illustrated notes

Levels and vault maps discovered:
D:1:      minmay_arrival_four_circles, layout_rooms,
          hellmonk_ecumenical_altar_heavens_door
D:2:      layout_basic, minmay_tromino_i2
D:3:      layout_basic
D:4:      layout_cave_pools, minmay_temple_entry_large_hall, roderic_lattice_a,
          uniq_sigmund
D:5:      layout_basic, nicolae_vehumet_radiance, minmay_manual_mess
D:6:      layout_gridville, mainiacjoe_overflow_six_doors_small,
          hangedman_ru_absence, due_unseen_surprise
D:7:      layout_basic, uniq_menkaure
D:8:      layout_loops_cross, kennysheep_another_room
D:9:      layout_stronghold, lair_entry_dummy
Temple:   hellmonk_temple_two_chambers

Skill      XL: |  1  2  3  4  5  6  7  8  9 10 |
---------------+-------------------------------+-----
Fire Magic     | 4 5 6 7 8 9 |  9.1
Spellcasting   | 3 4 6 7 8 |  8.8
Dodging        | 3 4 5 |  5.3
Conjurations   | 3 5 6 7 |  7.0
Short Blades   | 1 2 3 4 |  4.3
Fighting       | 1 2 3 |  3.2
Poison Magic   | 1 4 |  4.5
Stealth        | |  1.4

Action                   |  1- 3 |  4- 6 |  7- 9 | 10-12 || total
-------------------------+-------+-------+-------+-------++-------
Melee: Unarmed           |     2 |       |       |       ||     2
       Dagger            |     8 |     7 |    91 |    39 ||   145
       Punch             |       |     1 |     2 |       ||     3
 Cast: Foxfire           |    16 |    10 |    39 |     1 ||    66
       Scorch            |    11 |     6 |    28 |     5 ||    50
       Flame Wave        |       |       |     9 |     7 ||    16
  Use: Scroll            |     1 |       |     6 |     5 ||    12
       Potion            |     1 |       |     3 |       ||     4
Armor: Robe              |     3 |     2 |    15 |    15 ||    35
       Skin              |       |       |    53 |       ||    53
Dodge: Dodged            |    13 |     6 |    42 |    23 ||    84
